 Dungeon Crawl Stone Soup version 0.30-a0-165-g1891117ce2 (webtiles) character file.

Game seed: 15742625683361530676

83057 Pooter the Severer (level 15, -4/134 HPs)
             Began as a Minotaur Monk on Sept 27, 2022.
             Was an Elder of Makhleb.
             Shot with an arrow by a centaur warrior (23 damage)
             ... on level 13 of the Dungeon on Sept 28, 2022.
             The game lasted 02:45:32 (31857 turns).

Pooter the Severer (Minotaur Monk)                 Turns: 31857, Time: 02:45:33

Health: -4/134     AC: 29    Str: 24      XL:     15   Next: 31%
Magic:  20/20      EV:  9    Int:  6 (7)  God:    Makhleb [****..]
Gold:   2149       SH:  0    Dex: 18      Spells: 14/14 levels left

rFire   . . .      SeeInvis .    a - +6 battleaxe (elec)
rCold   . . .      Faith    .    (shield currently unavailable)
rNeg    . . .      Spirit   .    H - +7 plate armour
rPois   .          Reflect  .    J - +1 hat
rElec   .          Harm     .    r - +0 cloak
rCorr   .          Rampage  .    w - +2 pair of gloves
Will    ++...                    q - +0 pair of boots
Stlth   ..........               G - amulet "Ziwkoran" {RegenMP Fly}
HPRegen 0.32/turn                A - ring of willpower
MPRegen 0.57/turn                W - +6 ring of dexterity

@: lethally poisoned (-4 -> -8), flying
A: horns 2, retaliatory headbutt
a: Renounce Religion, Minor Destruction, Lesser Servant of Makhleb, Major
Destruction


You were on level 13 of the Dungeon.
You worshipped Makhleb.
Makhleb was greatly pleased with you.
You visited 4 branches of the dungeon, and saw 21 of its levels.
You also visited: Ice Cave.

You collected 3083 gold pieces.
You spent 934 gold pieces at shops.

Inventory:

Hand Weapons
 a - a +6 battleaxe of electrocution (weapon)
   (You bought it in a shop on level 2 of the Orcish Mines)
 b - a +1 arbalest
   (You took it off an orc warrior on level 6 of the Dungeon)
 j - a +0 hammer of holy wrath
   (You found it on level 3 of the Dungeon)
 I - a +4 vorpal halberd
   (You took it off an orc warlord on level 2 of the Orcish Mines)
 O - the +8 morningstar of Responsibility {vorpal, rPois rF+}
   (You bought it in a shop on level 2 of the Orcish Mines)

   It inflicts extra damage upon your enemies.
   rF:        It protects you from fire.
   rPois:     It protects you from poison.
Missiles
 g - 23 boomerangs (quivered)
 i - 5 throwing nets {!f}
 k - 6 curare-tipped darts
 n - 46 poisoned darts
Armour
 q - a +0 pair of boots (worn)
   (You found it on level 4 of the Dungeon)
 r - a +0 cloak (worn)
   (You found it on level 4 of the Dungeon)
 w - a +2 pair of gloves (worn)
   (You found it on level 3 of the Dungeon)
 H - a +7 plate armour (worn)
   (You took it off an orc warrior on level 6 of the Dungeon)
 J - a +1 hat (worn)
   (You found it on level 9 of the Dungeon)
Jewellery
 A - a ring of willpower (left hand)
   (You found it on level 5 of the Dungeon)
 F - a ring of protection from fire
   (You found it on level 11 of the Dungeon)
 G - the amulet "Ziwkoran" (around neck) {RegenMP Fly}
   (You found it on level 7 of the Dungeon)

   [amulet of magic regeneration]

   It increases your rate of magic regeneration.
   Fly:       It grants you flight.
 P - a ring of poison resistance
   (You found it on level 4 of the Dungeon)
 W - a +6 ring of dexterity (right hand)
   (You found it on level 4 of the Lair of Beasts)
 X - a +4 ring of protection
   (You took it off a vampire on level 8 of the Dungeon)
Wands
 d - a wand of iceblast (6)
   (You found it on level 1 of the Lair of Beasts)
 f - a wand of flame (9)
   (You found it on level 3 of the Lair of Beasts)
 h - a wand of polymorph (10)
   (You found it on level 8 of the Dungeon)
 v - a wand of charming (17)
   (You found it on level 3 of the Dungeon)
 x - a wand of acid (4)
   (You found it on level 12 of the Dungeon)
 D - a wand of digging (11)
   (You found it on level 7 of the Dungeon)
 V - a wand of mindburst (4)
   (You took it off a vampire on level 8 of the Dungeon)
Scrolls
 e - 2 scrolls of magic mapping
 l - 3 scrolls of immolation {!r}
 m - 2 scrolls of torment {!r}
 o - 3 scrolls of butterflies
 s - 5 scrolls of fear
 t - 11 scrolls of teleportation {@r4}
 u - 4 scrolls of vulnerability {!r}
 z - a scroll of summoning
 B - a scroll of poison {!r}
 L - 2 scrolls of amnesia
Potions
 c - 6 potions of ambrosia
 p - 6 potions of curing {@q1}
 C - a potion of berserk rage {unknown}
 E - 3 potions of resistance
 K - a potion of invisibility
 M - a potion of haste {@q3}
 N - 3 potions of lignification {!q}
 R - 2 potions of flight
 S - 3 potions of heal wounds {@q2}
 T - 3 potions of mutation {!q}
 U - 3 potions of cancellation
 Y - a potion of attraction {unknown}
Miscellaneous
 Q - a tin of tremorstones (inert)
   (You found it on level 5 of the Lair of Beasts)
 Z - a lightning rod (4/4) {!a}
   (You found it on level 8 of the Dungeon)


   Skills:
 + Level 12.6 Fighting
 * Level 16.5(16.7) Axes
 + Level 3.1(11.3) Maces & Flails
 * Level 15.1 Ranged Weapons
 + Level 4.2 Throwing
 + Level 10.9 Armour
 - Level 4.3 Dodging
 - Level 4.2 Stealth
 + Level 9.3 Invocations
 - Level 8.1 Evocations


You had 14 spell levels left.
You didn't know any spells.
Your spell library contained the following spells:

 Spells                   Type           Power      Damage    Failure   Level
 Freeze                   Ice            0%         1d3       99%         1
 Shock                    Conj/Air       0%         1d3       99%         1
 Slow                     Hex            0%         N/A       99%         1
 Sting                    Tmut/Pois      0%         1d3       99%         1
 Poisonous Vapours        Pois/Air       0%         N/A       100%        2
 Confusing Touch          Hex            0%         N/A       100%        3
 Hailstorm                Conj/Ice       0%         3d3       100%        3
 Ignite Poison            Fire/Tmut/Pois 0%         N/A       100%        3
 Inner Flame              Hex/Fire       0%         N/A       100%        3
 Mephitic Cloud           Conj/Pois/Air  0%         N/A       100%        3
 Ozocubu's Armour         Ice            0%         N/A       100%        3
 Swiftness                Air            0%         N/A       100%        3
 Teleport Other           Tloc           0%         N/A       100%        3
 Vampiric Draining        Necr           0%         2d6       100%        3
 Airstrike                Air            0%         2d(0-16)  100%        4
 Cause Fear               Hex            0%         N/A       100%        4
 Ice Form                 Ice/Tmut       0%         N/A       100%        4
 Olgreb's Toxic Radiance  Pois           0%         N/A       100%        4
 Sticky Flame             Conj/Fire      0%         2d3       100%        4
 Summon Ice Beast         Ice/Summ       0%         N/A       100%        4
 Alistair's Intoxication  Tmut/Pois      0%         N/A       100%        5
 Yara's Violent Unravell  Hex/Tmut       0%         3d3       100%        5
 Enfeeble                 Hex            0%         N/A       100%        7
 Discord                  Hex            0%         N/A       100%        8
 Ignition                 Fire           0%         3d3       100%        8


Dungeon Overview and Level Annotations

Branches:
Dungeon (13/15)            Temple (1/1) D:4            Lair (5/5) D:9
  Swamp (0/4) Lair:3        Snake (0/4) Lair:2        Slime (0/5) Lair:4
    Orc (2/2) D:11            Elf (0/3) Orc:2         IceCv (visited)
 Vaults: D:13-14

Altars:
Ashenzari
Cheibriados
Dithmenos
Elyvilon
Fedhas
Gozag
Hepliaklqana
Kikubaaqudgha
Makhleb
Nemelex Xobeh
Okawaru
Qazlal
Ru
Sif Muna
Trog
Uskayaw
Vehumet
Wu Jian
Xom
Yredelemnul
Zin
The Shining One
Jiyva

Shops:
D:1 :   D:7 (   D:9 :   Orc:2 *[(

Annotations:
D:13 2 transporters, Quaz's ghost, journeyman DEEE


Innate Abilities, Weirdness & Mutations

You have a pair of horns on your head.
You reflexively headbutt those who attack you in melee.


Message History

The centaur warrior wields a +0 longbow.
The centaur warrior shoots an arrow.
The arrow hits you but does no damage. The centaur warrior hits you.
The centaur warrior kicks you but does no damage.
You slash the centaur warrior!
Your headbutt misses the centaur warrior.
You are covered in liquid flames!
You feel very sick.
The centaur warrior completely misses you.
The centaur warrior kicks you but does no damage.
You completely miss the centaur warrior.
Your headbutt misses the centaur warrior.
You are covered in liquid flames!
* * * LOW HITPOINT WARNING * * *
You feel very sick.
The centaur warrior shoots an arrow.
The arrow hits you!!
* * * LOW HITPOINT WARNING * * *
The centaur warrior hits you but does no damage.
The centaur warrior closely misses you.
The centaur warrior shoots an arrow.
The arrow hits you but does no damage.
You slice the centaur warrior!!
Lightning courses through the centaur warrior!!
Your headbutt misses the centaur warrior.
You are covered in liquid flames!
* * * LOW HITPOINT WARNING * * *
You feel sick.
The centaur warrior hits you but does no damage.
The centaur warrior kicks you but does no damage.
The centaur warrior shoots an arrow.
The arrow hits you!!
* * * LOW HITPOINT WARNING * * *
The centaur warrior hits you but does no damage.
The centaur warrior barely misses you.
A centaur comes into view.
Unknown command.
Blink to where?
As you read the scroll of blinking, it crumbles to dust.
You feel sick.
The centaur warrior wields a +0 longbow.
The centaur warrior shoots an arrow.
The arrow hits you but does no damage.
The centaur warrior shoots an arrow.
The arrow hits you!
* * * LOW HITPOINT WARNING * * *
The centaur moves out of view.
You feel much better.
You are no longer corroded.
You feel sick.
The centaur wields a +0 shortbow.
The centaur shoots an arrow.
The arrow completely misses you.
The centaur warrior shoots an arrow.
The arrow hits you!
* * * LOW HITPOINT WARNING * * *
The centaur warrior shoots an arrow.
The arrow closely misses you.
The centaur warrior shoots an arrow.
The arrow hits you!!
You die...

#.##..........§§≈≈§.≈≈≈K..
###........#...l5§§..≈[≈....
..#.##.###.#..c.c§≈§[4.§....
##.#.##.# #.#...c..≈4≈.>≈....
####..#.##.# #.#.......c§≈≈≈....
#.###.#.##.# #.#.........≈......
.#.#....##.###..................
.#.#....##......................
###.######....>.@...............
##########.....######........###
#..#.....#.### ###......#
##.#.##.##.# ...........##
............# #########...#
#....9..##..# 8....(9.8#..#####


You could see 2 centaur warriors, a basilisk, 2 centaurs, an iron imp (summoned)
and a friendly hellwing (summoned).

Vanquished Creatures
  Gastronok (Orc:1)
  2 orc warlords (Orc:2)
  Snorg (D:11)
  Erolcha (Orc:1)
  11 hydras
  A two-headed ogre (D:11)
  2 catoblepae
  4 centaur warriors
  A merfolk avatar (Lair:5)
  2 boulder beetles (D:11)
  A death yak (D:9)
  An orc high priest (Orc:2)
  A tengu warrior (D:11)
  Nergalle (Orc:1)
  A fire crab (shapeshifter) (D:11)
  A deep troll (D:11)
  4 skeletal warriors (D:13)
  Lodul (D:11)
  A sea snake (Lair:5)
  An orange crystal statue (D:13)
  A deep elf zephyrmancer (D:11)
  2 orc knights (Orc:2)
  2 ugly things
  A manticore (Lair:5)
  A harpy (Lair:5)
  2 deep elf pyromancers (D:12)
  3 cyclopes
  2 orc sorcerers (Orc:2)
  10 elephants
  2 black mambas
  8 cane toads
  2 gargoyles (D:10)
  16 komodo dragons
  A tengu conjurer (D:11)
  3 rime drakes
  A queen bee (Lair:5)
  2 trolls
  3 polar bears
  4 hornets
  8 blink frogs
  A snapping turtle (Lair:5)
  6 dream sheep
  2 shadows
  3 wraiths
  A vampire (D:11)
  8 wyverns
  60 yaks
  Eustachio (D:5)
  5 basilisks
  2 vampire mosquitoes (D:12)
  3 wargs
  12 water moccasins
  3 acid dragons
  A floating eye (Lair:2)
  32 orc warriors
  An ice beast (D:5)
  4 black bears
  9 ogres
  9 wolves
  7 centaurs
  3 phantoms
  4 kobold brigands
  3 scorpions
  11 bullfrogs
  2 necrophages
  19 wights
  19 killer bees
  7 howler monkeys
  3 lava snakes (D:13)
  2 gnoll boudas
  3 hounds
  5 jellies
  Crazy Yiuf (D:3)
  19 orc priests
  2 iguanas (D:5)
  Natasha (twice) (D:3)
  17 orc wizards
  Robin (D:4)
  10 gnolls
  11 adders
  2 white imps (D:7)
  2 ufetubi
  3 worms
  4 dart slugs
  62 orcs
  6 ball pythons
  4 bats
  5 endoplasms
  A giant cockroach (D:3)
  17 goblins
  8 hobgoblins
  6 jackals (D:2)
  A quokka (D:2)
  3 frilled lizards
  20 kobolds
  7 rats
578 creatures vanquished.

Vanquished Creatures (collateral kills)
  A hydra (Lair:2)
  3 death yaks (D:9)
  An orc high priest (D:11)
  A wolf spider (Lair:1)
  4 orc knights
  2 manticores (D:8)
  An orc sorcerer (Orc:2)
  2 ugly things
  A cyclops (D:8)
  An elephant (Lair:1)
  A black mamba (Lair:1)
  2 cane toads
  A torpor snail (Lair:1)
  A rime drake (Lair:5)
  A komodo dragon (Lair:1)
  An anaconda simulacrum (IceCv)
  A hornet (Lair:5)
  A dream sheep (Lair:5)
  A snapping turtle (Lair:5)
  A yak (D:8)
  A wraith (D:8)
  A vampire (D:8)
  An acid dragon (D:8)
  A water moccasin (D:8)
  7 orc warriors
  A black bear (Lair:3)
  A wolf (Lair:2)
  3 ogres (Orc:2)
  2 kobold brigands (D:8)
  A bullfrog (Lair:2)
  2 wights (D:7)
  4 killer bees (D:8)
  A howler monkey (D:8)
  An orc priest (Orc:2)
  2 orc wizards
  A wolf simulacrum (IceCv)
  7 adders (Lair:1)
  A gnoll (D:7)
  7 orcs
73 creatures vanquished.

Vanquished Creatures (others)
  5 ogres (D:11)
  A gnoll bouda (D:7)
  An orc wizard (D:7)
  2 gnolls (D:7)
  A bush (Lair:2)
  33 fungi
  67 plants
110 creatures vanquished.

Grand Total: 761 creatures vanquished

Notes
Turn   | Place    | Note
-------+----------+-------------------------------------------
     0 | D:1      | Pooter the Minotaur Monk began the quest for the Orb.
     0 | D:1      | Reached XP level 1. HP: 19/19 MP: 0/0
   301 | D:1      | Reached XP level 2. HP: 27/27 MP: 1/1
   317 | D:1      | Reached skill level 4 in Axes
   538 | D:1      | Found Fidouwin's Book Shop.
   980 | D:2      | Reached XP level 3. HP: 24/33 MP: 2/2
  1679 | D:3      | You fall into a shaft and drop 2 floors!
  1679 | D:5      | Entered Level 5 of the Dungeon
  1703 | D:5      | Noticed a scorpion
  1712 | D:5      | Killed a scorpion
  1713 | D:5      | Reached skill level 5 in Axes
  1713 | D:5      | Reached XP level 4. HP: 33/41 MP: 3/3
  1798 | D:4      | Noticed a phantom
  1830 | D:4      | Reached XP level 5. HP: 28/47 MP: 4/4
  1834 | D:4      | Killed a phantom
  2064 | D:4      | Found a staircase to the Ecumenical Temple.
  2289 | D:4      | Reached skill level 6 in Axes
  2289 | D:4      | Reached XP level 6. HP: 53/55 MP: 5/5
  2320 | D:4      | Noticed Robin
  2327 | D:4      | Reached skill level 5 in Fighting
  2327 | D:4      | Reached skill level 1 in Ranged Weapons
  2333 | D:4      | Killed Robin
  2628 | Temple   | Entered the Ecumenical Temple
  2780 | Temple   | Became a worshipper of Makhleb the Destroyer
  2780 | Temple   | Reached * piety under Makhleb
  2780 | Temple   | Reached ** piety under Makhleb
  3074 | D:3      | Found a glowing silver altar of Zin.
  3195 | D:3      | Found a runed translucent door.
  3196 | D:3      | Noticed Crazy Yiuf
  3205 | D:3      | Killed Crazy Yiuf
  3336 | D:3      | Noticed Natasha
  3341 | D:3      | Killed Natasha
  3344 | D:3      | Noticed Natasha
  3351 | D:3      | Killed Natasha
  3949 | D:4      | Reached XP level 7. HP: 57/61 MP: 6/6
  4326 | D:4      | Found an ornate altar of the Wu Jian Council.
  4326 | D:4      | Found an iron altar of Okawaru.
  4327 | D:4      | Found a sparkling altar of Nemelex Xobeh.
  4413 | D:5      | Reached skill level 7 in Axes
  4814 | D:5      | Noticed Eustachio
  4824 | D:5      | Killed Eustachio
  4825 | D:5      | Reached XP level 8. HP: 61/70 MP: 7/7
  5211 | D:5      | Reached *** piety under Makhleb
  5212 | D:5      | Reached skill level 8 in Axes
  5602 | D:6      | Reached skill level 5 in Ranged Weapons
  5806 | D:6      | Identified the +1 robe "Haheliomi" {rPois rC- rN+ Int+3}
  5882 | D:6      | Reached skill level 1 in Armour
  5962 | D:6      | Reached skill level 1 in Invocations
  5962 | D:6      | Reached skill level 1 in Evocations
  5964 | D:6      | Found the +9 staff of Olgreb {rPois∞}
  6004 | D:6      | Found a bloodstained altar of Trog.
  6342 | D:7      | Reached XP level 9. HP: 72/78 MP: 9/9
  6388 | D:7      | Reached skill level 9 in Axes
  6413 | D:7      | Identified the amulet "Ziwkoran" {RegenMP Fly}
  6592 | D:7      | Found Jiocwijof's Antique Weapon Emporium.
  7673 | D:8      | Found a basalt altar of Yredelemnul.
  7755 | D:8      | Identified the +5 rapier of Reteenk {vamp, Will+}
  7759 | D:8      | Reached **** piety under Makhleb
  7774 | D:8      | Reached skill level 10 in Axes
  7864 | D:8      | Found a glowing golden altar of the Shining One.
  8131 | D:7      | Bought a slimy flail for 212 gold pieces
  8131 | D:7      | Identified the +1 flail of Ruination {freeze, Int+3} (You
                  | bought it in a shop on level 7 of the Dungeon)
  8420 | D:8      | Found a hazy altar of Hepliaklqana.
  8568 | D:8      | Noticed a manticore
  8589 | D:8      | Killed a manticore
  8590 | D:8      | Reached XP level 10. HP: 63/88 MP: 11/11
  9255 | D:8      | Noticed a manticore
  9260 | D:8      | Killed a manticore
  9261 | D:8      | Reached skill level 11 in Axes
  9305 | D:8      | Noticed a cyclops
  9314 | D:8      | Killed a cyclops
  9315 | D:8      | Reached skill level 5 in Armour
  9702 | D:8      | Noticed a brown ugly thing
  9702 | D:8      | Noticed a purple ugly thing
  9716 | D:8      | Killed a red ugly thing
  9739 | D:8      | Killed a cyan ugly thing
  9907 | D:8      | Found a runed translucent door.
  9907 | D:8      | Noticed a centaur warrior
  9908 | D:8      | Found a runed translucent door.
  9908 | D:8      | Noticed a centaur warrior
  9918 | D:8      | Killed a centaur warrior
  9919 | D:8      | Reached XP level 11. HP: 37/95 MP: 13/13
  9922 | D:8      | Killed a centaur warrior
 10011 | D:8      | Noticed an eight-headed hydra
 10034 | D:8      | Killed an eight-headed hydra
 10282 | D:8      | Got Temaplel's Dissertation on Chilled Bewitchment
 10282 | D:8      | Got the Discourse on Wintry Imprecation
 10828 | D:8      | Found a hide-covered altar of Uskayaw.
 11343 | D:8      | Reached skill level 12 in Axes
 11418 | D:8      | Reached skill level 5 in Invocations
 12002 | D:9      | Reached skill level 10 in Ranged Weapons
 12267 | D:9      | Found a broken altar of Ashenzari.
 12350 | D:9      | Found a staircase to the Lair.
 12435 | D:9      | Found Azem's Self-Improvement Boutique.
 12826 | D:10     | Entered Level 10 of the Dungeon
 12992 | D:10     | Reached skill level 5 in Evocations
 13133 | D:10     | Noticed Joseph
 13147 | D:10     | Noticed Joseph
 13150 | D:10     | Killed Joseph the basilisk
 13930 | Lair:1   | Entered Level 1 of the Lair of Beasts
 13930 | Lair:1   | Noticed a death yak
 13930 | Lair:1   | Noticed a death yak
 13930 | Lair:1   | Noticed a death yak
 13930 | Lair:1   | Noticed a death yak
 13943 | D:9      | Killed a death yak
 13944 | D:9      | Reached skill level 13 in Axes
 13944 | D:9      | Reached XP level 12. HP: 45/105 MP: 15/15
 14163 | D:9      | Killed a death yak
 14166 | D:9      | Killed a death yak
 14457 | D:9      | Killed a death yak
 14677 | Lair:1   | Reached skill level 10 in Fighting
 15515 | Lair:1   | Reached skill level 14 in Axes
 15701 | Lair:2   | Noticed a six-headed hydra
 15711 | Lair:2   | Killed a six-headed hydra
 15771 | Lair:2   | Found a frozen archway.
 15796 | IceCv    | Entered an ice cave
 16356 | Lair:2   | Noticed Erica
 16357 | Lair:2   | Erica changed into Erica the floating eye
 16357 | Lair:2   | Noticed Erica
 16364 | Lair:2   | Killed Erica the floating eye
 16512 | Lair:2   | Noticed a five-headed hydra
 16522 | Lair:2   | Killed a five-headed hydra
 16523 | Lair:2   | Reached XP level 13. HP: 85/114 MP: 17/17
 16632 | Lair:2   | Found a staircase to the Snake Pit.
 18443 | Lair:3   | Reached skill level 15 in Axes
 19245 | Lair:3   | Found a staircase to the Swamp.
 19757 | Lair:4   | Found a staircase to the Slime Pits.
 19896 | Lair:4   | Found a viscous altar of Jiyva.
 19898 | Lair:4   | Found a shimmering blue altar of Sif Muna.
 20590 | Lair:4   | Upgraded the game from 0.30-a0-159-g068b764562 to
                  | 0.30-a0-165-g1891117ce2
 20620 | Lair:5   | Entered Level 5 of the Lair of Beasts
 21233 | Lair:5   | Identified the +3 leather armour of the Stone Wall {+Blink
                  | rC++ Int-5}
 21625 | Lair:5   | Reached XP level 14. HP: 93/124 MP: 18/18
 22667 | Lair:5   | Found the +2 hat of the Bear Spirit {Spirit, *Rage Will++}
 22805 | Lair:5   | Reached skill level 1 in Throwing
 22868 | Lair:5   | Got the Discourse on the Excursion and the Assassin
 23475 | D:11     | Found a staircase to the Orcish Mines.
 23485 | Orc:1    | Entered Level 1 of the Orcish Mines
 23604 | Orc:1    | Reached skill level 16 in Axes
 23979 | Orc:2    | Entered Level 2 of the Orcish Mines
 24044 | Orc:1    | Noticed Nergalle
 24044 | Orc:1    | Noticed Gastronok
 24054 | Orc:1    | Killed Nergalle
 24062 | Orc:1    | Killed Gastronok
 24063 | Orc:1    | Reached skill level 10 in Armour
 24364 | Orc:2    | Found a staircase to the Elven Halls.
 24574 | Orc:2    | Noticed an orc warlord
 26294 | Orc:2    | Noticed an orc warlord
 26321 | Orc:2    | Killed an orc warlord
 26833 | Orc:2    | Killed an orc warlord
 27145 | Orc:2    | Found Asurouqa's General Store.
 27154 | Orc:2    | Bought a potion of heal wounds for 85 gold pieces
 27186 | Orc:2    | Found Zept's Antique Armour Shop.
 27202 | Orc:2    | Found Xotite Doox's Antique Weapon Shop.
 27218 | Orc:2    | Found Orghuneh's Book Shop.
 27534 | Orc:1    | Noticed Erolcha
 27587 | Orc:1    | Killed Erolcha
 27974 | Orc:2    | Bought a shimmering morningstar for 252 gold pieces
 27974 | Orc:2    | Identified the +8 morningstar of Responsibility {vorpal,
                  | rPois rF+} (You bought it in a shop on level 2 of the
                  | Orcish Mines)
 27974 | Orc:2    | Bought a runed battleaxe for 266 gold pieces
 28270 | D:11     | Noticed Snorg
 28303 | D:11     | Killed Snorg
 28616 | D:11     | Noticed Lodul
 28641 | D:11     | Killed Lodul
 28927 | Orc:2    | Bought a scroll of amnesia for 68 gold pieces
 28927 | Orc:2    | Bought a scroll of teleportation for 51 gold pieces
 29175 | D:11     | Reached skill level 1 in Maces & Flails
 30128 | D:12     | Reached XP level 15. HP: 134/134 MP: 20/20
 30713 | D:12     | Reached skill level 15 in Ranged Weapons
 31448 | D:13     | Found a transporter.
 31692 | D:13     | Found a transporter.
 31692 | D:13     | Noticed Quaz's ghost (journeyman DEEE)
 31856 | D:13     | HP: 5/134 [centaur warrior/arrow (11)]
 31857 | D:13     | Shot with an arrow by a centaur warrior

Illustrated notes

Levels and vault maps discovered:
D:1:      lightli_arrival_noodles, layout_loops_cross, serial_shops,
          nicolae_shop_advertising_works [nicolae_subvault_shop_adworks],
          hangedman_decor_opposing, grunt_decor_one_mirror
D:2:      layout_rooms, minmay_tall_x
D:3:      layout_loops_ring, general_overflow_altar, uniq_natasha,
          uniq_crazy_yiuf_cottage
D:4:      layout_basic, gammafunk_temple_overflow_claw, temple_fountains,
          uniq_robin
D:5:      layout_basic, nrook_campfire, hangedman_decor_lopped, nicolae_titane,
          uniq_eustachio
D:6:      layout_rooms, trog_book, serial_curves, eino_curves_03,
          eino_curves_01, eino_curves_01, eino_curves_03
D:7:      layout_loops_cross, serial_shops, nicolae_shop_trees
D:8:      minmay_the_grid_triangle_9x9_rhombus_full
          [minmay_the_grid_triangle_9x9_skeleton,
          minmay_the_grid_triangle_9x9_dagger,
          minmay_the_grid_triangle_9x9_longest,
          minmay_the_grid_triangle_9x9_wacky_v,
          minmay_the_grid_triangle_9x9_checkered,
          minmay_the_grid_triangle_9x9_tough_junction,
          minmay_the_grid_triangle_9x9_steps,
          minmay_the_grid_triangle_9x9_prize_top_heavy], layout_layer_cave,
          nicolae_tso_carved_into_rock, marbit_many_paths,
          mainiacjoe_overflow_catch_the_wave
D:9:      layout_rooms, mainiacjoe_overflow_alcove_2, david_lair_generic,
          st_stairs_8, nicolae_concentric_dashed_squares_mild,
          nicolae_shop_self_help
D:10:     layout_roguey, uniq_joseph
D:11:     minmay_klotski, layout_basic, david_orc_3,
          hangedman_abyss_or_decor_clamps, minmay_bent, uniq_snorg, uniq_lodul
D:12:     layout_rooms, due_unseen_surprise
D:13:     layout_basic, gammafunk_ghost_arena, grunt_decor_resistance,
          disabler_island
Temple:   chequers_temple_sunken
Lair:1:   minmay_lair_venomous_thicket, layout_regular_city
Lair:2:   layout_roguey, dummy_snake_entry, portal_ice_cave_entry_pillars_1,
          chequers_serial_rivers_room_a, uniq_urug, uniq_erica
Lair:3:   nzn_winding_woodlands_stair_trap
          [nzn_winding_woodlands_5x15_split_checker,
          nzn_winding_woodlands_5x15_longhouse,
          nzn_winding_woodlands_5x15_sawtooth,
          nzn_winding_woodlands_15x15_killbox,
          nzn_winding_woodlands_5x15_default, nzn_winding_woodlands_5x15_pool,
          nzn_winding_woodlands_5x15_pathside_ponds], layout_small_grid,
          swamp_mist, lemuel_fruit_fields
Lair:4:   layout_concentric_octagons, slime_entry_1, basic_altar,
          gauntlet_entry_generic, beast_lair_carwin_11, lemuel_fruit_fields,
          grunt_megastairs_2
Lair:5:   gammafunk_lair_ancient_temple, layout_cave_pods
Orc:1:    cheibrodos_orc_arena, layout_diamond_mine, uniq_nergalle,
          uniq_erolcha, uniq_gastronok
Orc:2:    grunt_orc_cross, layout_caves, nicolae_orc_lava_room

Skill      XL: |  1  2  3  4  5  6  7  8  9 10 11 12 13 14 15 |
---------------+----------------------------------------------+-----
Axes           | 4 5 6 7 8 10 11 13 14 15 16 | 16.5
Fighting       | 4 5 6 7 8 9 10 11 12 | 12.6
Stealth        | 2 3 4 |  4.2
Dodging        | 4 |  4.3
Ranged Weapons | 2 4 5 7 9 10 12 13 14 15 | 15.1
Armour         | 1 3 5 6 8 9 10 | 10.9
Invocations    | 1 3 4 5 6 7 9 |  9.3
Evocations     | 1 3 4 5 6 7 8 |  8.1
Throwing       | 3 4 |  4.2
Maces & Flails | 1 3 |  3.1

Action                   |  1- 3 |  4- 6 |  7- 9 | 10-12 | 13-15 || total
-------------------------+-------+-------+-------+-------+-------++-------
Melee: Hand axe          |   113 |       |       |       |       ||   113
       Headbutt          |    18 |    16 |    37 |    81 |   181 ||   333
       War axe           |     7 |    72 |   178 |       |       ||   257
       Punch             |       |       |     6 |       |       ||     6
       Staff             |       |       |     9 |       |       ||     9
       Mace              |       |       |    16 |     4 |       ||    20
       Battleaxe         |       |       |    15 |   324 |   632 ||   971
       Dire flail        |       |       |       |    12 |    58 ||    70
 Fire: Shortbow          |       |    57 |     8 |       |       ||    65
       Arbalest          |       |       |    37 |    53 |   227 ||   317
Throw: Stone             |     9 |    11 |       |       |       ||    20
       Dart              |       |       |    11 |     2 |       ||    13
       Boomerang         |       |       |     5 |     5 |    30 ||    40
Invok: Minor Destruction |       |     3 |     1 |     2 |       ||     6
       Lesser Servant of |       |       |     8 |    35 |    31 ||    74
       Major Destruction |       |       |       |       |     1 ||     1
 Abil: Evoke the Staff o |       |       |     1 |       |       ||     1
Evoke: Wand              |       |       |    12 |     3 |    24 ||    39
       Lightning rod     |       |       |       |     2 |     1 ||     3
       Tin of tremorston |       |       |       |       |     3 ||     3
  Use: Scroll            |     3 |     3 |     4 |     7 |    12 ||    29
       Potion            |     2 |       |     2 |       |     4 ||     8
 Stab: Sleeping          |     4 |       |       |       |       ||     4
       Betrayed ally     |       |       |     1 |       |       ||     1
       Distracted        |       |       |       |       |     5 ||     5
Armor: Robe              |     8 |       |       |       |       ||     8
       Ring mail         |    36 |    27 |    12 |       |       ||    75
       Chain mail        |       |       |    58 |       |       ||    58
       Skin              |       |       |    12 |       |       ||    12
       Plate armour      |       |       |   123 |   347 |   656 ||  1126
Dodge: Dodged            |    68 |    68 |   105 |   196 |   363 ||   800

Table legend: (Time is in decaauts)
 A = Elapsed time spent in this place.
 B = Non-inter-level travel time spent in this place.
 C = Inter-level travel time spent in this place.
 D = Time resting spent in this place.
 E = Time spent auto-exploring this place.
 F = Levels seen in this place.
 G = Mean time per level.
                   A        B        C        D        E       F      G
               +--------+--------+--------+--------+--------+-----+--------+
         Total |  32108 |  31053 |   1055 |  12444 |  12568 |  22 | 1459.5 |
       Dungeon |  18470 |  17850 |    620 |   6361 |   8292 |  13 | 1420.8 |
        Temple |    214 |    200 |     14 |      0 |    177 |   1 |  214.0 |
          Lair |   8800 |   8586 |    214 |   3263 |   3551 |   5 | 1760.0 |
  Orcish Mines |   4612 |   4405 |    207 |   2819 |    547 |   2 | 2306.0 |
      Ice Cave |     11 |     11 |      0 |      0 |      0 |   1 |   11.0 |
               +--------+--------+--------+--------+--------+-----+--------+

Top non-repeatable levels by time:
     D:8: 4718 daAuts
   Orc:2: 3338 daAuts
  Lair:5: 2663 daAuts
    D:11: 2166 daAuts
  Lair:3: 2111 daAuts
  Lair:2: 1810 daAuts
     D:4: 1621 daAuts
     D:9: 1517 daAuts
     D:5: 1417 daAuts
   Orc:1: 1273 daAuts
  Lair:1: 1179 daAuts
    D:10: 1140 daAuts
  Lair:4: 1035 daAuts
     D:7: 1001 daAuts
     D:3: 913 daAuts
